 Dungeon Crawl Stone Soup version 0.29-a0-214-g17f627cfee (console) character file.

Game seed: 1965494855135444696

72 jejorda2 the Bolt Thrower (level 4, -5/26 HPs)
             Began as a Kobold Hunter on Feb 25, 2022.
             Slain by a scorpion (9 damage)
             ... on level 2 of the Dungeon.
             The game lasted 00:02:58 (1692 turns).

jejorda2 the Bolt Thrower (Kobold Hunter)           Turns: 1692, Time: 00:02:59

Health: -5/26      AC:  3    Str:  9    XL:     4   Next: 48%
Magic:  4/4        EV: 14    Int: 12    God:
Gold:   103        SH:  0    Dex: 17    Spells: 3/3 levels left

rFire   . . .      SeeInvis .   a - +1 hand crossbow
rCold   . . .      Faith    .   (no shield)
rNeg    . . .      Spirit   .   b - +0 leather armour
rPois   .          Reflect  .   (no helmet)
rElec   .          Harm     .   (no cloak)
rCorr   .          Rampage  .   (no gloves)
Will    .....                   (no boots)
Stlth   +++.......              (no amulet)
HPRegen 0.08/turn               (no ring)
MPRegen 0.09/turn               (no ring)

@: lethally poisoned (-5 -> -15)
A: small, no large weapons, nightstalker 3
a: no special abilities


You were on level 2 of the Dungeon.
You visited 1 branch of the dungeon, and saw 2 of its levels.

You collected 103 gold pieces.

Inventory:

Hand Weapons
 a - a +1 hand crossbow (weapon)
Armour
 b - a +0 leather armour (worn)
Wands
 l - a wand of iceblast (14)
 p - a wand of flame (12)
Scrolls
 e - a scroll of fog {unknown}
 g - a scroll of enchant armour {unknown}
 h - a scroll of summoning {unknown}
 i - 2 scrolls of teleportation {unknown}
 j - a scroll of acquirement {unknown}
 m - a scroll of brand weapon {unknown}
 o - a scroll of noise {unknown}
Potions
 c - 2 potions of brilliance {unknown}
 d - a potion of curing {unknown}
 f - a potion of ambrosia {unknown}
 k - 3 potions of attraction {unknown}
 n - a potion of haste {unknown}


   Skills:
 - Level 2.1 Fighting
 * Level 7.3 Crossbows
 - Level 2.4 Dodging
 - Level 2.0 Stealth


You had 3 spell levels left.
You didn't know any spells.
Your spell library contained the following spells:

 Spells                   Type           Power      Damage    Failure   Level
 Animate Skeleton         Necr           0%         N/A       43%         1
 Pain                     Necr           0%         1d4       43%         1
 Vampiric Draining        Necr           0%         2d6       80%         3


Dungeon Overview and Level Annotations

Branches:
Dungeon (2/15)

Altars:
Wu Jian


Innate Abilities, Weirdness & Mutations

You are small and have problems with some larger weapons.
You are completely attuned to the shadows.


Message History

You shoot a bolt. The bolt hits the bat.
You kill the bat!
No target in view!
No target in view!
A scorpion comes into view.
You shoot a bolt.
The bolt hits the scorpion but does no damage.
You shoot a bolt. The bolt hits the scorpion.
The scorpion is lightly wounded.
The scorpion closely misses you.
You shoot a bolt. The bolt closely misses the scorpion.
The scorpion stings you.
You shoot a bolt. The bolt closely misses the scorpion.
The scorpion stings you.
You are poisoned.
The scorpion poisons you! The scorpion closely misses you.
You shoot a bolt. The bolt hits the scorpion.
The scorpion is lightly wounded.
You feel very sick. The scorpion stings you.
You are lethally poisoned!
The scorpion poisons you!
You shoot a bolt. The bolt hits the scorpion!
The scorpion is heavily wounded.
You feel very sick. The scorpion barely misses you.
You shoot a bolt. The bolt hits the scorpion.
The scorpion is severely wounded.
You feel very sick. The scorpion barely misses you. The scorpion stings you.
* * * LOW HITPOINT WARNING * * *
Shoot: a) +1 hand crossbow
Press: ? - help, Q - select action, (/) - cycle Shift-Dir - straight line, f/p - scorpion
Aim: a scorpion (severely wounded, 66% to hit)
You shoot a bolt. The bolt hits the scorpion.
The scorpion is almost dead.
* * * LOW HITPOINT WARNING * * *
You feel very sick. The scorpion stings you!
You die...

..# #.# #.# #.# #.#
..#.....# #.# ..#.....##
..# ....._...# ..#
.........# ..######
...s@....### ..#....#
...........#
..#....############.##.#
....................##.#
.##....###############.#
..'.>.....# #.#
.##.......####### #.#
###....(........# #.#
###.............# #.#


You could see a scorpion.

Vanquished Creatures
  2 adders (D:2)
  2 worms (D:2)
  2 dart slugs (D:2)
  6 ball pythons
  7 bats
  6 endoplasms
  5 goblins
  2 hobgoblins (D:1)
  3 jackals (D:2)
  A quokka (D:1)
  4 frilled lizards
  3 kobolds
  2 rats (D:1)
45 creatures vanquished.

Notes
Turn   | Place    | Note
-------+----------+-------------------------------------------
     0 | D:1      | jejorda2 the Kobold Hunter began the quest for the Orb.
     0 | D:1      | Reached XP level 1. HP: 12/12 MP: 1/1
   124 | D:1      | Reached XP level 2. HP: 17/17 MP: 2/2
   160 | D:1      | Reached skill level 6 in Crossbows
   289 | D:1      | Reached XP level 3. HP: 21/21 MP: 3/3
   320 | D:1      | Found a faded altar of an unknown god.
   815 | D:2      | Reached skill level 7 in Crossbows
   815 | D:2      | Reached XP level 4. HP: 23/26 MP: 4/4
  1670 | D:2      | Found an ornate altar of the Wu Jian Council.
  1684 | D:2      | Noticed a scorpion
  1692 | D:2      | Slain by a scorpion

Illustrated notes

Levels and vault maps discovered:
D:1:      minmay_arrival_arboretum_small, layout_rooms,
          shapermc_ecumenical_altar_starsandcircs
D:2:      layout_basic, basic_altar, uniq_crazy_yiuf_cottage

Skill      XL: |  1  2  3 |
---------------+----------+-----
Crossbows      | 6 7 |  7.3
Stealth        | 2 |  2.0
Fighting       | |  2.1
Dodging        | |  2.4

Action                   |  1- 3 |  4- 6 || total
-------------------------+-------+-------++-------
 Fire: Hand crossbow     |    66 |    38 ||   104
Armor: Leather armour    |     2 |     6 ||     8
Dodge: Dodged            |     7 |    22 ||    29

Table legend: (Time is in decaauts)
 A = Elapsed time spent in this place.
 B = Non-inter-level travel time spent in this place.
 C = Inter-level travel time spent in this place.
 D = Time resting spent in this place.
 E = Time spent auto-exploring this place.
 F = Levels seen in this place.
 G = Mean time per level.
                   A        B        C        D        E       F      G
               +--------+--------+--------+--------+--------+-----+--------+
         Total |   1712 |   1692 |     20 |      0 |   1482 |   2 |  856.0 |
       Dungeon |   1712 |   1692 |     20 |      0 |   1482 |   2 |  856.0 |
               +--------+--------+--------+--------+--------+-----+--------+

Top non-repeatable levels by time:
     D:2: 1126 daAuts
     D:1: 586 daAuts
